 Dungeon Crawl Stone Soup version 0.29.1-4-g47bece8355 (webtiles) character file.

Game seed: 15239298599488330832

7655 Anriel the Skirmisher (level 10, -11/59 HPs)
             Began as a Deep Elf Hunter on Dec 7, 2022.
             Was an Initiate of Gozag.
             Mangled by Snorg (23 damage)
             ... on level 9 of the Dungeon.
             The game lasted 01:14:47 (9643 turns).

Anriel the Skirmisher (Deep Elf Hunter)             Turns: 9643, Time: 01:14:48

Health: -11/59     AC: 12    Str:  8    XL:     10   Next: 99%
Magic:  17/20      EV: 18    Int: 15    God:    Gozag
Gold:   78         SH:  5    Dex: 22    Spells: 15/19 levels left

rFire   . . .      SeeInvis +   n - +3 trident of the Gloaming {protect, +Blink rN+}
rCold   + . .      Faith    .   (no shield)
rNeg    + . .      Spirit   .   t - +1 acid dragon scales
rPois   .          Reflect  +   (no helmet)
rElec   .          Harm     .   (no cloak)
rCorr   +          Rampage  .   b - +2 pair of gloves
Will    ++...                   i - +0 pair of boots of Depression {rC+}
Stlth   ++++......              x - amulet of reflection
HPRegen 0.19/turn               d - ring of see invisible
MPRegen 0.17/turn               e - ring of willpower

@: no status effects
A: no striking features
a: Renounce Religion, Evoke Blink, Potion Petition, Call Merchant, Bribe Branch


You were on level 9 of the Dungeon.
You worshipped Gozag.
Gozag was noncommittal.
You visited 2 branches of the dungeon, and saw 11 of its levels.

You collected 1330 gold pieces.
You spent 507 gold pieces at shops.
You paid 745 gold pieces to Gozag.

Inventory:

Hand Weapons
 a - a +2 shortbow of venom
 n - the +3 trident of the Gloaming (weapon) {protect, +Blink rN+}
   (You found it on level 4 of the Dungeon)

   It grants its wielder temporary protection when it strikes (+7 to AC).
   rN:        It protects you from negative energy.
   +Blink:    It lets you blink.
 s - a +0 shortbow of flaming
 F - a +0 shortbow of electrocution
Armour
 b - a +2 pair of gloves (worn)
 i - the +0 pair of boots of Depression (worn) {rC+}
   (You bought it in a shop on level 8 of the Dungeon)

   rC:        It protects you from cold.
 t - +1 acid dragon scales (worn)
Jewellery
 d - a ring of see invisible (left hand)
 e - a ring of willpower (right hand)
 u - a ring of protection from cold
 x - an amulet of reflection (around neck)
 y - a ring of resist corrosion
 B - a ring of fire
 D - a ring of poison resistance
Wands
 h - a wand of roots (16)
 w - a wand of polymorph (10)
Scrolls
 c - a scroll of fear
 f - a scroll of brand weapon
 j - 2 scrolls of enchant weapon
 l - 2 scrolls of magic mapping
 m - 4 scrolls of teleportation
 v - a scroll of immolation
 A - a scroll of silence
Potions
 g - 2 potions of flight
 o - 3 potions of lignification
 q - a potion of resistance
 C - a potion of ambrosia


   Skills:
 - Level 5.0 Fighting
 - Level 10.0 Ranged Weapons
 * Level 4.6 Armour
 - Level 10.0 Dodging
 - Level 7.0 Stealth
 - Level 5.4 Spellcasting
 - Level 6.6 Hexes
 * Level 6.9 Evocations


You had 15 spell levels left.
You knew the following spells:

 Your Spells              Type           Power      Damage    Failure   Level
a - Slow                  Hex            92%        N/A       1%          1
b - Confusing Touch       Hex            23%        N/A       5%          3

Your spell library contained the following spells:

 Spells                   Type           Power      Damage    Failure   Level
 Summon Guardian Golem    Hex/Summ       14%        N/A       21%         3
 Beastly Appendage        Tmut           8%         N/A       26%         1
 Sandblast                Erth           8%         2d5       26%         1
 Passwall                 Tmut/Erth      3%         N/A       36%         2
 Wereblood                Tmut           4%         N/A       36%         2
 Frozen Ramparts          Ice            8%         1d2       61%         3
 Ozocubu's Armour         Ice            4%         N/A       61%         3
 Spider Form              Tmut/Pois      4%         N/A       61%         3
 Stone Arrow              Conj/Erth      8%         3d7       61%         3
 Vampiric Draining        Necr           4%         2d6       61%         3
 Metabolic Englaciation   Hex/Ice        7%         N/A       88%         5
 Ice Form                 Ice/Tmut       4%         N/A       95%         4
 Summon Ice Beast         Ice/Summ       4%         N/A       95%         4
 Orb of Destruction       Conj           2%         9d5       100%        7
 Spellforged Servitor     Conj/Summ      2%         N/A       100%        7
 Simulacrum               Ice/Necr       Unusable   N/A       N/A         6

Dungeon Overview and Level Annotations

Branches:
Dungeon (10/15)            Temple (1/1) D:4
   Lair: D:8-11         Orc: D:9-12

Altars:
Ashenzari
Cheibriados
Elyvilon
Gozag
Hepliaklqana
Kikubaaqudgha
Makhleb
Nemelex Xobeh
Okawaru
Qazlal
Ru
Sif Muna
Trog
Uskayaw
Vehumet
Wu Jian
Xom
Yredelemnul
Zin
The Shining One

Shops:
D:5 *   D:8 [   D:9 ?

Annotations:
D:4 2 transporters, Avanven's ghost, amateur TrFi
D:9 Snorg


Message History

Snorg shakes off her lethargy.
Snorg goes berserk!
Fire: a) +2 shortbow (venom)
Press: ? - help, Q - select action, (/) - cycle Shift-Dir - straight line, f/p - Snorg
Aim: Snorg (heavily wounded, berserk, very poisoned, 71% to hit)
You shoot an arrow. The arrow closely misses Snorg.
Casting: Slow (safe; 1% risk of failure)
Confirm with . or Enter, or press ? or * to list all spells.
Aiming: Slow (safe; 1% risk of failure)
Press: ? - help, Shift-Dir - straight line, f/p - Snorg
Aim: Snorg (heavily wounded, berserk, very poisoned, chance to affect: 28%) Snorg easily resists.
Snorg closely misses you. Snorg claws you! Snorg misses you.
Casting: Slow (safe; 1% risk of failure)
Confirm with . or Enter, or press ? or * to list all spells.
Aiming: Slow (safe; 1% risk of failure)
Press: ? - help, Shift-Dir - straight line, f/p - Snorg
Aim: Snorg (heavily wounded, berserk, very poisoned, chance to affect: 28%) Snorg easily resists.
Snorg completely misses you. Snorg closely misses you. x2
Snorg bites you! Snorg closely misses you. Snorg completely misses you.
Casting: Slow (safe; 1% risk of failure)
Confirm with . or Enter, or press ? or * to list all spells.
Aiming: Slow (safe; 1% risk of failure)
Press: ? - help, Shift-Dir - straight line, f/p - Snorg
Aim: Snorg (heavily wounded, berserk, very poisoned, chance to affect: 28%) Snorg easily resists.
Snorg bites you! Snorg closely misses you. Snorg claws you!
* * * LOW HITPOINT WARNING * * *
You can't see any enemies this would affect, really read the scroll of fear? [Y]es or [N]o only, please.
You can't see any enemies this would affect, really read the scroll of fear?
Okay, then.
Unknown command.
Okay, then.
Okay, then.
Your +2 shortbow of venom stops dripping with poison.
The +3 trident of the Gloaming {protect, +Blink rN+} hums with potential!
n - the +3 trident of the Gloaming (weapon)
{protect, +Blink rN+} Snorg bites you!!
You die...
Your body crumbles into a pile of gold.

#........# ########## #........#
###### #....(...#
#........####..... #........#
#..........##..... #........#
#........#|##.....
#........#######........#)##.....
.........##.............#.)'.....
.....)......####........####.....
#........#### #@.......# #.....
##.####### ##T####### ###'##
#...# #....## #.## ###.# ####..#
#... #.# #######.## ####
##'####### #........# #
#........# #........##########
###........####..................
.)'........'.##..>.....##########


You could see Snorg (berserk, very poisoned).

Vanquished Creatures
  Erolcha (D:9)
  A two-headed ogre (D:8)
  Pikel (D:6)
  Psyche (D:9)
  Maggie (D:9)
  A troll (D:9)
  A shadow (D:9)
  A wraith (D:8)
  5 yaks (D:9)
  A steam dragon (D:9)
  Grum (D:9)
  4 water moccasins
  3 sky beasts
  2 ice beasts
  An orc warrior (D:6)
  A hornet zombie (D:8)
  2 black bears
  4 wolves (D:9)
  2 centaurs
  A phantom (D:3)
  3 kobold brigands
  4 lemures (D:6)
  A wyvern zombie (D:8)
  2 bullfrogs (D:8)
  4 necrophages
  3 scorpions
  4 wights (D:8)
  3 killer bees (D:9)
  2 howler monkeys (D:9)
  A human zombie (D:8)
  A centaur zombie (D:8)
  5 orc priests
  A gnoll bouda (D:7)
  2 hounds
  3 jellies
  2 iguanas
  3 orc wizards
  3 killer bee zombies (D:8)
  A mummy (D:8)
  9 adders
  8 gnolls
  2 white imps
  2 ufetubi
  17 orcs
  6 ball pythons
  3 bats
  7 endoplasms
  2 giant cockroaches
  8 goblins
  5 hobgoblins
  2 jackals (D:5)
  13 kobolds
  2 quokkas
  4 frilled lizards
  6 rats
  A spectral orc (D:4)
180 creatures vanquished.

Vanquished Creatures (others)
  A yak (D:9)
  A kobold (D:9)
  6 fungi (D:7)
  4 toadstools (D:7)
12 creatures vanquished.

Grand Total: 192 creatures vanquished

Notes
Turn   | Place    | Note
-------+----------+-------------------------------------------
     0 | D:1      | Anriel the Deep Elf Hunter began the quest for the Orb.
     0 | D:1      | Reached XP level 1. HP: 12/12 MP: 3/3
   198 | D:1      | Reached XP level 2. HP: 17/17 MP: 4/4
   980 | D:2      | Reached XP level 3. HP: 18/21 MP: 5/5
  1567 | D:3      | Noticed a black bear
  1572 | D:3      | Killed a black bear
  1573 | D:3      | Reached XP level 4. HP: 27/27 MP: 6/6
  1573 | D:3      | Reached XP level 5. HP: 31/31 MP: 7/7
  1798 | D:3      | Found a faded altar of an unknown god.
  1835 | D:3      | Learned a level 1 spell: Slow
  1839 | D:3      | Learned a level 3 spell: Confusing Touch
  2157 | D:4      | Noticed a phantom
  2180 | D:3      | Killed a phantom
  2181 | D:3      | Reached XP level 6. HP: 37/37 MP: 8/8
  2194 | D:4      | Noticed an ice beast
  2204 | D:4      | Killed an ice beast
  2321 | D:4      | Found a staircase to the Ecumenical Temple.
  2347 | Temple   | Entered the Ecumenical Temple
  2583 | Temple   | Became a worshipper of Gozag Ym Sagoz the Greedy
  2651 | D:4      | Found a transporter.
  2655 | D:4      | Found a transporter.
  2655 | D:4      | Noticed Avanven's ghost (amateur TrFi)
  2659 | D:4      | Noticed an orc warrior
  2694 | D:3      | Reached XP level 7. HP: 34/44 MP: 9/9
  2749 | D:4      | Identified the +3 trident of the Gloaming {protect, +Blink
                  | rN+}
  2989 | D:4      | Found a hazy altar of Hepliaklqana.
  3079 | D:5      | Entered Level 5 of the Dungeon
  3277 | D:5      | Found Dyipt's Elemental Accessories.
  3374 | D:5      | Reached skill level 5 in Fighting
  3815 | D:5      | Reached skill level 5 in Dodging
  4183 | D:6      | Reached XP level 8. HP: 49/49 MP: 10/10
  4288 | D:6      | Noticed Pikel
  4307 | D:6      | Killed Pikel
  4357 | D:6      | Reached skill level 5 in Spellcasting
  4706 | D:6      | Found a broken altar of Ashenzari.
  4852 | D:6      | Reached skill level 1 in Hexes
  5224 | D:7      | Reached XP level 9. HP: 43/54 MP: 19/19
  5241 | D:7      | Reached skill level 1 in Armour
  5397 | D:7      | Found an ornate altar of the Wu Jian Council.
  5398 | D:7      | Found a white marble altar of Elyvilon.
  5761 | D:7      | Found a glowing silver altar of Zin.
  5761 | D:7      | Noticed an angel
  5878 | D:7      | Reached skill level 5 in Hexes
  6077 | D:8      | Noticed a two-headed ogre
  6093 | D:8      | Killed a two-headed ogre
  6269 | D:8      | Reached skill level 1 in Evocations
  6633 | D:8      | Reached skill level 10 in Ranged Weapons
  7081 | D:8      | Reached XP level 10. HP: 9/59 MP: 20/20
  7610 | D:8      | Found a basalt altar of Yredelemnul.
  7967 | D:8      | Bought a pair of fine boots for 247 gold pieces
  7967 | D:8      | Identified the +0 pair of boots of Depression {rC+} (You
                  | bought it in a shop on level 8 of the Dungeon)
  8014 | D:9      | Found a sacrificial altar of Ru.
  8042 | D:9      | Noticed Maggie
  8064 | D:9      | Killed Maggie
  8165 | D:9      | Noticed Erolcha
  8436 | D:9      | Killed Erolcha
  8644 | D:9      | Reached skill level 5 in Evocations
  8647 | D:9      | Noticed Grum
  8651 | D:9      | Noticed Psyche
  8660 | D:9      | Killed Grum
  8900 | D:9      | Found a bloodstained altar of Trog.
  8967 | D:9      | Found a glowing golden altar of the Shining One.
  9339 | D:9      | Killed Psyche
  9340 | D:9      | Reached skill level 10 in Dodging
  9541 | D:9      | Found Uzurr's Magic Scroll Shoppe.
  9546 | D:9      | Bought a scroll of identify for 20 gold pieces
  9546 | D:9      | Bought a scroll of immolation for 40 gold pieces
  9546 | D:9      | Bought a scroll of enchant armour for 75 gold pieces
  9546 | D:9      | Bought a scroll of silence for 95 gold pieces
  9546 | D:9      | Bought a scroll of teleportation for 30 gold pieces
  9617 | D:10     | Entered Level 10 of the Dungeon
  9617 | D:10     | Noticed Snorg
  9643 | D:9      | Mangled by Snorg

Illustrated notes

Levels and vault maps discovered:
D:1:      dpeg_arrival_lava_altar, layout_loops_corners
D:2:      layout_basic
D:3:      layout_loops_ring, shapermc_ecumenical_altar_mp_ritualfount
D:4:      layout_rooms, nicolae_hepliaklqana_monster_ancestors, temple_pool_b,
          gammafunk_ghost_arena
D:5:      layout_basic, nicolae_elemental_shop, minmay_misc_feat_roman
D:6:      layout_cave_pools, nicolae_ashenzari_panopticon, grunt_decor_clamped,
          small_statue_intersection, patterned_corridor, uniq_pikel
D:7:      layout_loops_cross, grunt_temple_overflow_open, zin_angel,
          minmay_gold_behind_fungi, grunt_decor_fettered
D:8:      layout_loops_ring, lemuel_mausoleum_altar_yredelemnul,
          palyth_stone_intersect
D:9:      layout_roguey, lemuel_crystal_altar,
          mainiacjoe_overflow_surrounded_room, nicolae_tso_swordbearing_angel,
          serial_shops, kennysheep_little_box, uniq_psyche, uniq_erolcha,
          uniq_maggie, uniq_grum
D:10:     layout_loops_cross, mainiacjoe_overflow_two_lobes,
          biasface_ghost_orc_armoury, kennysheep_generic_room_8, uniq_snorg
Temple:   grunt_temple_mini_profane

Skill      XL: |  1  2  3  4  5  6  7  8  9 10 |
---------------+-------------------------------+-----
Ranged Weapons | 6 7 8 9 10 | 10.0
Fighting       | 2 3 4 5 |  5.0
Dodging        | 3 4 6 10 | 10.0
Stealth        | 4 7 |  7.0
Spellcasting   | 5 |  5.4
Hexes          | 2 6 |  6.6
Armour         | 4 |  4.6
Evocations     | 2 6 |  6.9

Action                   |  1- 3 |  4- 6 |  7- 9 | 10-12 || total
-------------------------+-------+-------+-------+-------++-------
Melee: Unarmed           |       |       |     4 |     9 ||    13
 Fire: Shortbow          |    91 |    56 |   270 |   195 ||   612
 Cast: Slow              |       |       |    10 |    29 ||    39
       Confusing Touch   |       |       |     3 |     2 ||     5
Invok: Call Merchant     |       |       |       |     1 ||     1
 Abil: Evoke Blink       |       |       |     2 |     4 ||     6
  Use: Scroll            |    12 |     2 |     9 |    10 ||    33
       Potion            |       |     2 |     9 |       ||    11
Armor: Leather armour    |     7 |     5 |    12 |     7 ||    31
       Skin              |       |       |     3 |       ||     3
       Acid dragon scale |       |       |       |    14 ||    14
Dodge: Dodged            |    16 |    26 |    91 |    79 ||   212
Block: Other             |       |       |    10 |    22 ||    32
       Reflection        |       |       |       |     2 ||     2
